 Dungeon Crawl Stone Soup version 0.30-a0-738-g116ff8c4af (webtiles) character file.

Game seed: 7890627613485096337

12544 PimpSugar the Magician (level 11, -1/91 HPs)
             Began as a Black Draconian Hedge Wizard on Feb 3, 2023.
             Was a Believer of Sif Muna.
             Succumbed to Harold's poison
             ... on level 11 of the Dungeon.
             The game lasted 00:47:58 (13653 turns).

PimpSugar the Magician (DrHW)                      Turns: 13653, Time: 00:47:59

Health: -1/91      AC: 16    Str: 13    XL:     11   Next: 63%
Magic:  30/30      EV: 13    Int: 19    God:    Sif Muna [**....]
Gold:   189        SH:  0    Dex: 13    Spells: 15/24 levels left

rFire   . . .      SeeInvis .    v - +5 quarterstaff (chaos)
rCold   . . .      Faith    .    (shield currently unavailable)
rNeg    + . .      Spirit   .    (body armour unavailable)
rPois   .          Reflect  .    b - +2 hat
rElec   +          Harm     .    w - +2 cloak
rCorr   .          Rampage  .    i - +2 pair of gloves
Will    .....                    H - +0 pair of boots
Stlth   +++                      a - amulet of Ankauch {RegenMP rElec rN+ Will- Dex+3}
HPRegen 0.35/turn                u - +4 ring of slaying
MPRegen 0.62/turn                I - ring of magical power

@: lethally poisoned (-1 -> -27), marked, studying Unarmed Combat
A: breathe lightning, AC +7, unfitting armour, electricity resistance,
cold-blooded
a: Breathe Lightning, Renounce Religion, Channel Magic


You were on level 11 of the Dungeon.
You worshipped Sif Muna.
Sif Muna was pleased with you.
You visited 2 branches of the dungeon, and saw 12 of its levels.

You collected 589 gold pieces.
You spent 400 gold pieces at shops.

Inventory:

Hand Weapons
 e - a +0 whip of flaming
 l - a +3 dagger
 m - a +1 heavy sling
 s - a +3 flail of protection
 v - a +5 quarterstaff of chaos (weapon)
 M - a +1 shortbow of freezing
 N - a +0 vampiric spear
Missiles
 h - 89 stones
 k - 5 boomerangs
 p - 3 javelins
 E - 12 poisoned darts
Armour
 b - a +2 hat (worn)
 i - a +2 pair of gloves (worn)
 w - a +2 cloak (worn)
 H - a +0 pair of boots (worn)
 O - a +0 buckler
Magical Staves
 B - a staff of death
Jewellery
 a - the amulet of Ankauch (around neck) {RegenMP rElec rN+ Will- Dex+3}
   (You found it on level 2 of the Dungeon)

   [amulet of magic regeneration]

   It increases your rate of magic regeneration.
   Dex:       It affects your dexterity (+3).
   rElec:     It insulates you from electricity.
   rN:        It protects you from negative energy.
   Will:      It decreases your willpower.
 u - a +4 ring of slaying (left hand)
 I - a ring of magical power (right hand)
 P - an amulet of reflection
Wands
 g - a wand of digging (6)
 q - a wand of mindburst (2) (quivered)
 C - a wand of flame (21)
 K - a wand of light (17)
 R - a wand of roots (11)
Scrolls
 d - 2 scrolls of poison
 r - a scroll of butterflies
 y - 3 scrolls of teleportation
 z - a scroll of silence {unknown}
 A - a scroll of fear
 D - 5 scrolls of fog
 F - a scroll of magic mapping
 G - a scroll of noise
 Q - a scroll of torment
 S - a scroll of enchant weapon
Potions
 c - 2 potions of magic
 f - 4 potions of degeneration
 j - 4 potions of brilliance
 n - 3 potions of cancellation
 o - 3 potions of invisibility
 t - 3 potions of lignification
 x - 5 potions of might
 J - a potion of attraction


   Skills:
 + Level 6.7 Fighting
 + Level 4.5 Staves
 - Level 0.2 Ranged Weapons
 + Level 4.8 Dodging
 + Level 5.1 Stealth
 + Level 4.2 Unarmed Combat
 * Level 7.0 Spellcasting
 * Level 6.9 Conjurations
 + Level 4.1 Hexes
 + Level 4.7 Summonings
 + Level 4.7 Translocations
 * Level 6.1 Air Magic
 + Level 4.9 Invocations
 + Level 4.4 Evocations


You had 15 spell levels left.
You knew the following spells:

 Your Spells              Type           Power      Damage    Failure   Level
a - Magic Dart            Conj           100%       1d8       1%          1
b - Call Imp              Summ           24%        N/A       2%          2
c - Gell's Gravitas       Tloc           24%        N/A       4%          3
d - Slow                  Hex            88%        N/A       1%          1
e - Blink                 Tloc           48%        N/A       2%          2

Your spell library contained the following spells:

 Spells                   Type           Power      Damage    Failure   Level
 Kiss of Death            Conj/Necr      76%        2d11      2%          1
 Mephitic Cloud           Conj/Pois/Air  23%        N/A       4%          3
 Teleport Other           Tloc           24%        N/A       4%          3
 Cigotuvi's Dreadful Rot  Necr/Pois/Air  28%        N/A       7%          2
 Kindle Blastsparks       Fire/Tloc/Air  40%        2d13      7%          3
 Iskenderun's Mystic Bla  Conj/Tloc      28%        2d7       9%          4
 Sting                    Tmut/Pois      24%        1d4       10%         1
 Fulminant Prism          Conj/Hex       13%        3d8       11%         4
 Inner Flame              Hex/Fire       14%        N/A       13%         3
 Sublimation of Blood     Necr           6%         N/A       16%         2
 Wereblood                Tmut           6%         N/A       16%         2
 Cause Fear               Hex            11%        N/A       19%         4
 Dispersal                Tloc           12%        N/A       91%         6
 Lee's Rapid Deconstruct  Erth           3%         3d5*      95%         5
 Summon Hydra             Summ           12%        N/A       100%        7
 Discord                  Hex            11%        N/A       100%        8


Dungeon Overview and Level Annotations

Branches:
Dungeon (11/15)            Temple (1/1) D:6
   Lair: D:8-11         Orc: D:9-12

Altars:
Ashenzari
Cheibriados
Dithmenos
Elyvilon
Fedhas
Gozag
Hepliaklqana
Kikubaaqudgha
Makhleb
Nemelex Xobeh
Okawaru
Qazlal
Ru
Sif Muna
Trog
Uskayaw
Vehumet
Wu Jian
Xom
Yredelemnul
Zin
The Shining One

Shops:
D:1 :   D:6 [   D:9 *   D:10 *

Annotations:
D:11 Harold


Innate Abilities, Weirdness & Mutations

You can breathe wild blasts of lightning.
Your glossy black scales are hard. (AC +7)
You cannot fit into any form of body armour.
You are resistant to electric shocks. (rElec)
You are cold-blooded and may be slowed by cold attacks.


Message History

Harold hits your crimson imp with a +0 war axe of venom.
Your crimson imp is engulfed in flames.
Your crimson imp completely resists.
You hit Harold but do no damage.
Harold resists with almost no effort.
Harold is heavily wounded.
You feel very sick.
Your crimson imp hits Harold but does no damage.
Harold hits you with a +0 war axe of venom.
You are engulfed in flames!
You are more poisoned.
Harold hits your crimson imp with a +0 war axe of venom!
Your crimson imp is engulfed in flames.
Your crimson imp completely resists.
Your crimson imp is poisoned.
Your crimson imp hits Harold but does no damage.
You sock Harold!
Harold is poisoned.
Harold is heavily wounded.
You feel very sick.
Your crimson imp dies!
Your crimson imp disappears in a puff of smoke!
Harold closely misses you.
You hit Harold but do no damage.
Harold is severely wounded.
You feel very sick.
Harold hits you with a +0 war axe of venom!
* * * LOW HITPOINT WARNING * * *
You are engulfed in flames!
* * * LOW HITPOINT WARNING * * *
You are lethally poisoned!
You feel much better.
* * * LOW HITPOINT WARNING * * *
You feel extremely sick.
Harold hits you with a +0 war axe of venom.
* * * LOW HITPOINT WARNING * * *
You are engulfed in flames!
* * * LOW HITPOINT WARNING * * *
Aiming: Mindburst
Press: ? - help, Shift-Dir - straight line, f/p - Harold
Aim: Harold the salamander shaped shifter, wielding a +0 war axe of venom and wearing a +0 chain mail (severely wounded, very poisoned, chance to affect: 66%) Harold's mind is blasted!
You die...

.. ..## . ...# .#...##
...... . #...# ..# ###
#...#..# #.###......#
#....@N...#
########...........#
#.....#.............
####....#.......##.#..#
##.##.#.......#.## .#
.. ###..........###.. .
. #...#.#.......# ....
. .#...............##.
.. .................


You could see Harold the salamander shaped shifter (very poisoned).

Vanquished Creatures
  2 two-headed ogres
  Pikel (D:4)
  A lindwurm (D:9)
  A deep elf pyromancer (D:9)
  An unseen horror zombie (D:9)
  2 trolls
  A hornet (D:10)
  Prince Ribbit (D:5)
  A wraith (D:9)
  A wyvern (D:8)
  2 fire bats (D:8)
  14 yaks
  Eustachio (D:4)
  A fire elemental (D:8)
  2 steam dragons
  Edmund (D:4)
  3 water moccasins
  2 acid dragons
  3 hell hounds (D:9)
  2 sky beasts
  2 orc warriors
  2 ice beasts
  2 black bears (D:6)
  6 ogres
  6 centaurs
  A lemure (D:4)
  A kobold brigand (D:8)
  5 bullfrogs
  2 gnoll sergeants
  3 necrophages
  A scorpion (D:5)
  9 wights
  9 killer bees
  2 electric eels (D:6)
  4 howler monkeys
  2 lava snakes (D:9)
  4 centaur zombies (D:9)
  2 hounds (D:6)
  A human zombie (D:9)
  4 orc priests
  2 jellies
  2 gnoll boudas
  Crazy Yiuf (D:3)
  Natasha (twice) (D:4)
  6 iguanas
  5 orc wizards
  A mummy (D:9)
  3 howler monkey zombies (D:9)
  15 gnolls
  6 adders
  2 shadow imps (D:6)
  A white imp (D:7)
  6 dart slugs
  19 orcs
  8 bats
  6 endoplasms
  4 giant cockroaches
  14 goblins
  7 hobgoblins
  A quokka (D:1)
  6 ball pythons
  3 frilled lizards (D:1)
  14 kobolds
  5 rats
250 creatures vanquished.

Vanquished Creatures (collateral kills)
  A hound (D:4)
  An orc wizard (D:4)
  2 adders (D:4)
  2 gnolls (D:5)
  2 dart slugs (D:6)
  A ball python (D:2)
  An endoplasm (D:1)
  A goblin (D:1)
  2 bats
  A rat (D:1)
14 creatures vanquished.

Vanquished Creatures (others)
  An orc wizard (D:7)
  6 fungi (D:6)
  5 toadstools (D:6)
12 creatures vanquished.

Grand Total: 276 creatures vanquished

Notes
Turn   | Place    | Note
-------+----------+-------------------------------------------
     0 | D:1      | PimpSugar the Draconian Hedge Wizard began the quest for
                  | the Orb.
     0 | D:1      | Reached XP level 1. HP: 14/14 MP: 4/4
    78 | D:1      | Found a faded altar of an unknown god.
   230 | D:1      | Reached XP level 2. HP: 22/22 MP: 3/6
   233 | D:1      | Learned a level 2 spell: Call Imp
   242 | D:1      | Learned a level 1 spell: Slow
   470 | D:1      | Found Woaroal's Vocational Training.
  1132 | D:1      | Reached XP level 3. HP: 24/27 MP: 3/7
  1258 | D:1      | Reached skill level 1 in Fighting
  1455 | D:2      | Identified the amulet of Ankauch {RegenMP rElec rN+ Will-
                  | Dex+3}
  1795 | D:2      | Found a shimmering altar of Xom.
  1814 | D:2      | Reached XP level 4. HP: 35/35 MP: 9/9
  1956 | D:3      | Found an ornate altar of the Wu Jian Council.
  2028 | D:3      | Found a hide-covered altar of Uskayaw.
  2296 | D:3      | Found a shimmering blue altar of Sif Muna.
  2579 | D:3      | Found a runed translucent door.
  2580 | D:3      | Noticed Crazy Yiuf
  2586 | D:3      | Killed Crazy Yiuf
  2939 | D:3      | Reached XP level 5. HP: 41/41 MP: 10/10
  3482 | D:4      | Noticed a lemure
  3482 | D:4      | Noticed a lemure
  3482 | D:4      | Noticed a lemure
  3483 | D:4      | Noticed Pikel
  3484 | D:4      | Noticed a lemure
  3626 | D:4      | Noticed Eustachio
  3636 | D:4      | Killed Eustachio
  3637 | D:4      | Reached skill level 1 in Hexes
  3637 | D:4      | Reached XP level 6. HP: 50/50 MP: 7/11
  3668 | D:4      | Found a shimmering altar of Xom.
  3723 | D:4      | Reached skill level 1 in Invocations
  3734 | D:4      | Reached skill level 1 in Staves
  3746 | D:4      | Killed Pikel
  3747 | D:4      | Reached skill level 4 in Spellcasting
  3747 | D:4      | Reached skill level 1 in Evocations
  3747 | D:4      | Your scales start taking on a glossy black colour.
  3747 | D:4      | Reached XP level 7. HP: 55/57 MP: 10/13
  3747 | D:4      | Gained mutation: You are resistant to electric shocks.
                  | (rElec) [Black Draconian growth]
  3901 | D:4      | Learned a level 2 spell: Blink
  3925 | D:4      | Noticed Natasha
  3929 | D:4      | Reached XP level 8. HP: 53/66 MP: 12/14
  3931 | D:4      | Killed Natasha
  4167 | D:4      | Found a snail-covered altar of Cheibriados.
  4187 | D:4      | Noticed Natasha
  4202 | D:4      | Killed Natasha
  4269 | D:4      | Noticed Edmund
  4288 | D:4      | Killed Edmund
  4399 | D:5      | Entered Level 5 of the Dungeon
  4487 | D:5      | Noticed Prince Ribbit
  4495 | D:5      | Killed Prince Ribbit
  4723 | D:5      | Reached skill level 1 in Air Magic
  4726 | D:5      | Reached skill level 5 in Spellcasting
  5284 | D:5      | Reached XP level 9. HP: 69/73 MP: 16/16
  5720 | D:6      | Reached skill level 5 in Fighting
  6004 | D:3      | Got Sif Muna's Treatise on Transmigration
  6006 | D:3      | Got Sif Muna's Parchment of the Mausoleum
  6009 | D:3      | Got Sif Muna's Catalogue of Percussion
  6292 | D:6      | Reached skill level 5 in Conjurations
  6697 | D:6      | Found Viviu's Antique Armour Emporium.
  6708 | D:6      | Bought a pair of boots for 94 gold pieces
  7001 | D:6      | Found an ancient bone altar of Kikubaaqudgha.
  7050 | D:6      | Found a staircase to the Ecumenical Temple.
  7077 | Temple   | Entered the Ecumenical Temple
  7431 | D:3      | Became a worshipper of Sif Muna the Loreminder
  7967 | D:7      | Reached XP level 10. HP: 50/83 MP: 16/18
  8141 | D:7      | Reached skill level 1 in Unarmed Combat
  8278 | D:7      | Learned a level 3 spell: Gell's Gravitas
  8459 | D:7      | Found a stormy altar of Qazlal.
  9505 | D:8      | Found a transporter.
  9524 | D:8      | Found a transporter.
  9541 | D:8      | Reached skill level 6 in Spellcasting
  9711 | D:8      | Reached * piety under Sif Muna
  9914 | D:8      | Noticed a two-headed ogre
  9931 | D:8      | Killed a two-headed ogre
 10345 | D:9      | Found a basalt altar of Yredelemnul.
 10497 | D:9      | Reached skill level 5 in Air Magic
 10634 | D:9      | Found a radiant altar of Vehumet.
 10986 | D:9      | Reached XP level 11. HP: 79/89 MP: 20/20
 10987 | D:9      | Reached ** piety under Sif Muna
 11059 | D:9      | Found a broken altar of Ashenzari.
 11085 | D:9      | Found Ovvus's Specific Store.
 11087 | D:9      | Found Wungoo's General Store.
 11093 | D:9      | Bought a potion of heal wounds for 50 gold pieces
 11101 | D:9      | Bought a scroll of identify for 20 gold pieces
 11101 | D:9      | Bought a wand of roots (4) for 96 gold pieces
 11101 | D:9      | Bought a scroll of identify for 20 gold pieces
 11936 | D:9      | Noticed a deep elf pyromancer
 11936 | D:9      | Noticed a lindwurm
 11958 | D:9      | Killed a deep elf pyromancer
 11963 | D:9      | Killed a lindwurm
 12405 | D:9      | Bought a potion of invisibility for 120 gold pieces
 12474 | D:10     | Entered Level 10 of the Dungeon
 12787 | D:10     | Found a sparkling altar of Nemelex Xobeh.
 12902 | D:10     | Noticed a two-headed ogre
 12913 | D:10     | Killed a two-headed ogre
 12914 | D:10     | Reached skill level 5 in Stealth
 13076 | D:10     | Found Qiklukot's Assorted Antiques.
 13359 | D:10     | Reached skill level 7 in Spellcasting
 13627 | D:11     | Noticed Harold
 13644 | D:11     | Harold changed into Harold the shapeshifter
 13652 | D:11     | HP: 4/91 [Harold the salamander (shapeshifter)/+0 war axe
                  | of venom (10)]
 13653 | D:11     | Succumbed to Harold's poison

Illustrated notes

Levels and vault maps discovered:
D:1:      saegor_arrival_simple_d, layout_basic, serial_bayou,
          serial_bayou_crossing, serial_bayou_pond_b, serial_bayou_pond_a,
          serial_bayou_shore_b, ebering_ecumenical_altar_sacrificial,
          nicolae_shop_vocational
D:2:      layout_basic, basic_altar
D:3:      layout_loops_corners, nicolae_sif_muna_little_library,
          mainiacjoe_overflow_large_starburst, uniq_crazy_yiuf_cottage
D:4:      layout_rooms, mainiacjoe_overflow_surrounded_room,
          cheibriados_altar_1, uniq_natasha, uniq_pikel, uniq_eustachio,
          uniq_edmund
D:5:      layout_gridville, uniq_prince_ribbit1
D:6:      kennysheep_slugbush, layout_basic, lemuel_coloured_pillars_altar,
          minmay_temple_entry_statues_pillars, serial_shops,
          nicolae_lakefront_shop, minivault_5, chequers_serial_rivers_micro_e,
          st_stairs_8, minmay_gold_behind_fungi,
          hangedman_abyss_or_decor_lesser_grid, minmay_checkerbox
D:7:      layout_loops_corners, nicolae_qazlal_scattered_showers,
          minmay_diced_spiral
D:8:      gammafunk_cloud_chamber, layout_loops_ring, kennysheep_generic_room_15
D:9:      lemuel_flame_loot_2, layout_basic, lemuel_mausoleum_altar_yredelemnul,
          vehumet_crystals, ashenzari_conservatory_becter,
          nicolae_specific_store, lemuel_flame_loot_1
D:10:     layout_roguey, nemelex_altar_shiori, serial_shops,
          nicolae_shop_temple_entry_statues_fountains
D:11:     layout_layer_cave, dpeg_oklobed_lair, kennysheep_generic_room_11,
          uniq_harold
Temple:   grunt_temple_mini_profane

Skill      XL: |  1  2  3  4  5  6  7  8  9 10 11 |
---------------+----------------------------------+-----
Dodging        | 2 3 4 |  4.8
Stealth        | 2 3 4 5 |  5.1
Fighting       | 1 2 3 4 5 6 |  6.7
Conjurations   | 2 3 4 5 6 |  6.9
Hexes          | 1 2 3 4 |  4.1
Translocations | 2 3 4 |  4.7
Invocations    | 1 2 3 4 |  4.9
Staves         | 1 2 3 4 |  4.5
Spellcasting   | 4 5 6 7 |  7.0
Summonings     | 2 3 4 |  4.7
Evocations     | 1 2 3 4 |  4.4
Air Magic      | 1 3 5 6 |  6.1
Unarmed Combat | 3 4 |  4.2
Ranged Weapons | |  0.2

Action                     |  1- 3 |  4- 6 |  7- 9 | 10-12 || total
---------------------------+-------+-------+-------+-------++-------
  Melee: Dagger            |    46 |       |       |       ||    46
         Tailslap          |     6 |     2 |    27 |    59 ||    94
         Quarterstaff      |       |    46 |   190 |   296 ||   532
   Fire: Sling             |    23 |    18 |       |       ||    41
   Cast: Magic Dart        |    59 |    11 |   101 |    21 ||   192
         Slow              |    17 |     4 |    38 |    11 ||    70
         Call Imp          |     3 |     7 |    20 |     7 ||    37
         Gell's Gravitas   |       |       |       |    64 ||    64
         Blink             |       |       |       |     3 ||     3
Ability: Breathe Lightning |       |       |     7 |     1 ||     8
  Evoke: Wand              |       |       |     4 |    13 ||    17
    Use: Scroll            |     1 |     8 |     6 |     9 ||    24
         Potion            |       |       |     5 |     9 ||    14
   Stab: Petrifying        |       |     1 |       |       ||     1
         Petrified         |       |       |     1 |       ||     1
         Sleeping          |       |       |       |     8 ||     8
         Invisible         |       |       |       |     3 ||     3
         Paralysed         |       |       |       |     3 ||     3
         Confused          |       |       |       |     1 ||     1
 Armour: Skin              |    27 |    20 |   116 |   192 ||   355
  Dodge: Dodged            |    61 |    30 |   151 |   297 ||   539

Table legend: (Time is in decaauts)
 A = Elapsed time spent in this place.
 B = Non-inter-level travel time spent in this place.
 C = Inter-level travel time spent in this place.
 D = Time resting spent in this place.
 E = Time spent auto-exploring this place.
 F = Levels seen in this place.
 G = Mean time per level.
                   A        B        C        D        E       F      G
               +--------+--------+--------+--------+--------+-----+--------+
         Total |  13830 |  12275 |   1555 |   1711 |   7570 |  12 | 1152.5 |
       Dungeon |  13577 |  12089 |   1488 |   1711 |   7390 |  11 | 1234.3 |
        Temple |    253 |    186 |     67 |      0 |    180 |   1 |  253.0 |
               +--------+--------+--------+--------+--------+-----+--------+

Top non-repeatable levels by time:
     D:9: 2224 daAuts
     D:3: 1928 daAuts
     D:5: 1477 daAuts
     D:1: 1455 daAuts
     D:6: 1390 daAuts
     D:7: 1333 daAuts
     D:8: 1176 daAuts
    D:10: 1130 daAuts
     D:4: 869 daAuts
     D:2: 537 daAuts
  Temple: 253 daAuts
    D:11: 53 daAuts
